 Dungeon Crawl Stone Soup version 0.30-a0-743-gbfdf073431 (webtiles) character file.

Game seed: 1925748364117388161

6052 mopl the Zephyrmancer (level 10, -9/69 HPs)
             Began as a Red Draconian Air Elementalist on Feb 7, 2023.
             Was a Priest of Vehumet.
             Mangled by Joseph
             ... wielding a +1 spectral quarterstaff
              (14 damage)
             ... on level 9 of the Dungeon.
             The game lasted 00:21:41 (8195 turns).

mopl the Zephyrmancer (DrAE)                        Turns: 8195, Time: 00:21:42

Health: -9/69      AC:  8    Str: 10    XL:     10   Next: 57%
Magic:  22/22      EV: 12    Int: 19    God:    Vehumet [***...]
Gold:   494        SH:  0    Dex: 19    Spells: 15/25 levels left

rFire   + . .      SeeInvis .    c - staff of cold
rCold   + . .      Faith    .    (no shield)
rNeg    . . .      Spirit   .    (body armour unavailable)
rPois   .          Reflect  .    D - +0 hat {Stlth+}
rElec   .          Harm     .    L - scarf {repulsion}
rCorr   .          Rampage  .    (no gloves)
Will    +....                    r - +0 pair of boots
Stlth   +++                      o - amulet of regeneration
HPRegen 1.11/turn                T - +6 ring of dexterity
MPRegen 0.18/turn                z - ring of willpower

@: repel missiles
A: breathe fire, AC +7, unfitting armour, fire resistance 1, cold-blooded
a: Breathe Fire, Renounce Religion


You were on level 9 of the Dungeon.
You worshipped Vehumet.
Vehumet was most pleased with you.
You visited 2 branches of the dungeon, and saw 10 of its levels.
You also visited: Sewer and Bailey.

You collected 662 gold pieces.
You spent 168 gold pieces at shops.

Inventory:

Hand Weapons
 y - a +1 falchion of flaming
Missiles
 i - 5 datura-tipped darts
 j - 24 poisoned darts
 H - 24 javelins
 J - a curare-tipped dart
 M - 5 boomerangs
 O - 5 silver javelins
 R - 5 silver boomerangs
Armour
 r - a +0 pair of boots (worn)
 D - a +0 hat of stealth (worn)
 L - a scarf of repulsion (worn)
Magical Staves
 c - a staff of cold (weapon)
Jewellery
 o - an amulet of regeneration (around neck)
 z - a ring of willpower (right hand)
 Q - an amulet of magic regeneration
 T - a +6 ring of dexterity (left hand)
Wands
 v - a wand of roots (18)
 x - a wand of acid (6)
 G - a wand of digging (1)
 K - a wand of flame (27)
Scrolls
 b - a scroll of poison {unknown}
 d - 6 scrolls of enchant armour
 f - a scroll of fog {unknown}
 h - 2 scrolls of magic mapping {unknown}
 m - 3 scrolls of teleportation {unknown}
 s - 3 scrolls of amnesia {unknown}
 t - 2 scrolls of butterflies {unknown}
 u - a scroll of blinking {unknown}
 w - 2 scrolls of immolation {unknown}
 A - a scroll of enchant weapon {unknown}
 B - 3 scrolls of silence {unknown}
 C - a scroll of vulnerability {unknown}
 F - 2 scrolls of noise {unknown}
 P - a scroll of fear {unknown}
 S - a scroll of brand weapon {unknown}
Potions
 a - 7 potions of magic
 e - 3 potions of lignification {!q}
 g - 5 potions of might
 k - 4 potions of attraction {unknown}
 l - a potion of haste
 n - 3 potions of curing
 p - 3 potions of resistance {unknown}
 q - a potion of heal wounds
 E - a potion of brilliance
 N - a potion of berserk rage {!q}
Miscellaneous
 I - a lightning rod (3/4)


   Skills:
 - Level 1.7 Dodging
 - Level 1.7 Stealth
 * Level 8.0 Spellcasting
 * Level 8.5 Conjurations
 * Level 9.0 Air Magic
 + Level 6.5 Evocations


You had 15 spell levels left.
You knew the following spells:

 Your Spells              Type           Power      Damage    Failure   Level
a - Shock                 Conj/Air       100%       1d9       1%          1
b - Static Discharge      Conj/Air       82%        2-6/arc   1%          2
f - Airstrike             Air            21%        2d(3-19)  1%          4
n - Swiftness             Air            42%        N/A       1%          3

Your spell library contained the following spells:

 Spells                   Type           Power      Damage    Failure   Level
 Mephitic Cloud           Conj/Pois/Air  29%        N/A       1%          3
 Magic Dart               Conj           100%       1d8       1%          1
 Searing Ray              Conj           80%        2d7       1%          2
 Flame Wave               Conj/Fire      23%        2d8       4%          4
 Fulminant Prism          Conj/Hex       11%        3d9       4%          4
 Sticky Flame             Conj/Fire      23%        2d4       4%          4
 Inner Flame              Hex/Fire       7%         N/A       7%          3
 Apportation              Tloc           14%        N/A       9%          1
 Necrotise                Necr           28%        1d5       9%          1
 Tukima's Dance           Hex            7%         N/A       26%         3
 Vampiric Draining        Necr           7%         2d6       26%         3
 Yara's Violent Unravell  Hex/Tmut       3%         3d4       50%         5
 Passage of Golubria      Tloc           7%         N/A       65%         4
 Agony                    Necr           7%         N/A       94%         5
 Alistair's Intoxication  Tmut/Pois      4%         N/A       94%         5
 Summon Forest            Summ/Tloc      3%         N/A       94%         5
 Eringya's Noxious Bog    Tmut/Pois      3%         N/A       96%         6
 Summon Hydra             Summ           3%         N/A       100%        7


Dungeon Overview and Level Annotations

Branches:
Dungeon (9/15)             Temple (1/1) D:6            Lair (0/5) D:8
  Sewer (visited)          Bailey (visited)
    Orc: D:9-12

Altars:
Ashenzari
Dithmenos
Elyvilon
Hepliaklqana
Kikubaaqudgha
Vehumet
Wu Jian
Xom
The Shining One

Shops:
D:7 (*

Annotations:
D:9 Joseph


Innate Abilities, Weirdness & Mutations

You can breathe blasts of fire.
Your fiery red scales are hard. (AC +7)
You cannot fit into any form of body armour.
Your flesh is heat resistant. (rF+)
You are cold-blooded and may be slowed by cold attacks.


Message History

As you read the scroll of identify, it crumbles to dust.
N - a potion of berserk rage
K - a wand of flame (27) (gained 11 charges)
w - 2 scrolls labelled HAPHECRUTY (gained 1) HP restored.
You see here a +0 trident of protection.
Joseph, a Mercenary comes into view.
He is wielding a +1 spectral quarterstaff.
You start resting.
Magic restored.
You see here 12 gold pieces.
You now have 494 gold pieces (gained 12).
Throw: 2 darts (curare)
Press: ? - help, Shift-Dir - straight line, f - Joseph
Aim: Joseph, wielding a +1 spectral quarterstaff and wearing a +0 ring mail (asleep, 98% to hit)
You throw a curare-tipped dart. The curare-tipped dart hits Joseph.
Joseph is poisoned.
Joseph convulses.
Joseph seems to slow down.
Joseph shouts!
Joseph is lightly wounded.
Joseph drinks a potion.
Joseph shakes off his lethargy.
Joseph goes berserk!
Okay, then.
Joseph rages.
Joseph attacks as you move away! Joseph hits you but does no damage.
Joseph hits you with a +1 spectral quarterstaff!
Joseph attacks as you move away!
Joseph hits you with a +1 spectral quarterstaff!
Joseph misses you. Joseph attacks as you move away! Joseph closely misses you.
Joseph attacks as you move away!
Joseph hits you with a +1 spectral quarterstaff!
Joseph hits you with a +1 spectral quarterstaff!!
Joseph looks more healthy.
Joseph hits you with a +1 spectral quarterstaff!
* * * LOW HITPOINT WARNING * * *
There is an escape hatch in the ceiling, spattered with blood here.
Joseph attacks as you move away!
Joseph hits you with a +1 spectral quarterstaff!
* * * LOW HITPOINT WARNING * * *
Joseph hits you with a +1 spectral quarterstaff!
You die...

##.# #.....)))..................
.#.. #.#(.###..###.#.#.###......
.##..........#..#...#.#...#..)...
.# ..##......#..#.###.###.#......
##. #......##..................
... #.......##.####............
.## ...#####...<#####.....##....
.# ...# ##..@....############ ##
.... #..@....# ##.# #.......#
...#### #.......# ........
........## ######## ########...
####


You could see Joseph (berserk).

Vanquished Creatures
  Pikel (D:9)
  A shadow (D:5)
  A wraith (D:9)
  2 wyverns (D:9)
  4 yaks
  A steam dragon (D:8)
  A water moccasin (D:6)
  12 orc warriors
  A black bear (D:8)
  2 ogres
  12 centaurs
  3 kobold brigands
  3 bullfrogs
  A gnoll sergeant (D:8)
  2 scorpions (D:6)
  A necrophage (D:6)
  7 killer bees
  2 howler monkeys
  5 hounds
  2 jellies (D:6)
  2 orc priests (D:8)
  4 iguanas
  A gnoll bouda (D:6)
  2 orc wizards
  A mummy (D:8)
  8 gnolls
  10 adders
  5 river rats (Sewer)
  A shadow imp (D:7)
  4 white imps
  An ufetubus (D:5)
  A worm (D:3)
  A dart slug (D:4)
  35 orcs
  9 endoplasms
  6 giant cockroaches
  8 goblins
  6 hobgoblins
  3 quokkas (D:1)
  19 ball pythons
  3 bats
  5 frilled lizards
  2 hobgoblin zombies (D:8)
  21 kobolds
  A kobold zombie (D:8)
  An orc zombie (D:8)
  30 rats
254 creatures vanquished.

Notes
Turn   | Place    | Note
-------+----------+-------------------------------------------
     0 | D:1      | mopl the Draconian Air Elementalist began the quest for the
                  | Orb.
     0 | D:1      | Reached XP level 1. HP: 14/14 MP: 3/3
   192 | D:1      | Reached XP level 2. HP: 20/20 MP: 3/5
   213 | D:1      | Learned a level 2 spell: Static Discharge
   683 | D:2      | Reached skill level 1 in Evocations
   683 | D:2      | Reached XP level 3. HP: 17/26 MP: 0/6
  1031 | D:2      | Reached skill level 2 in Conjurations
  1372 | D:3      | Reached XP level 4. HP: 25/33 MP: 2/7
  1389 | D:3      | Learned a level 4 spell: Airstrike
  1449 | D:3      | Found a glowing drain.
  1462 | Sewer    | Entered a sewer
  1824 | Sewer    | Reached skill level 3 in Spellcasting
  1835 | Sewer    | Reached skill level 2 in Evocations
  1841 | Sewer    | Reached XP level 5. HP: 19/38 MP: 4/9
  2104 | Sewer    | Reached skill level 4 in Air Magic
  2223 | Sewer    | Reached skill level 3 in Conjurations
  2310 | Sewer    | Reached XP level 6. HP: 40/45 MP: 3/11
  2464 | D:3      | Reached skill level 3 in Evocations
  3905 | D:5      | Entered Level 5 of the Dungeon
  3945 | D:5      | Your scales start taking on a fiery red colour.
  3945 | D:5      | Reached XP level 7. HP: 38/50 MP: 4/12
  3945 | D:5      | Gained mutation: Your flesh is heat resistant. (rF+) [Red
                  | Draconian growth]
  4086 | D:5      | Reached skill level 4 in Spellcasting
  4157 | D:5      | Noticed a shadow
  4162 | D:5      | Killed a shadow
  4163 | D:5      | Reached skill level 4 in Conjurations
  4163 | D:5      | Reached skill level 5 in Air Magic
  4297 | D:5      | Learned a level 3 spell: Swiftness
  4433 | D:6      | Reached skill level 4 in Evocations
  4612 | D:6      | Reached XP level 8. HP: 57/57 MP: 12/15
  4808 | D:6      | Reached skill level 5 in Spellcasting
  4808 | D:6      | Reached skill level 5 in Conjurations
  4819 | D:6      | Found a staircase to the Ecumenical Temple.
  4831 | Temple   | Entered the Ecumenical Temple
  4838 | Temple   | Became a worshipper of Vehumet
  4940 | D:6      | Reached skill level 6 in Air Magic
  5257 | D:7      | Found a flagged portal.
  5273 | Bailey   | Entered a bailey
  5449 | Bailey   | Reached skill level 6 in Conjurations
  5494 | Bailey   | Reached skill level 5 in Evocations
  5494 | Bailey   | Reached XP level 9. HP: 62/62 MP: 10/17
  5555 | Bailey   | Reached * piety under Vehumet
  5555 | Bailey   | Offered knowledge of Freeze by Vehumet.
  5560 | Bailey   | Reached skill level 6 in Spellcasting
  5597 | Bailey   | Reached skill level 7 in Air Magic
  5969 | Bailey   | Reached skill level 7 in Conjurations
  6287 | D:7      | Reached skill level 7 in Spellcasting
  6287 | D:7      | Reached skill level 8 in Air Magic
  6315 | D:7      | Found Ife Seji's Neck Hole.
  6344 | D:7      | Offered knowledge of Kiss of Death by Vehumet.
  6354 | D:6      | Reached ** piety under Vehumet
  6385 | D:7      | Reached XP level 10. HP: 55/69 MP: 12/20
  6477 | D:7      | Bought a scarf of repulsion for 168 gold pieces
  6630 | D:7      | Reached skill level 6 in Evocations
  6947 | D:7      | Found a glowing golden altar of the Shining One.
  6947 | D:7      | Found a hazy altar of Hepliaklqana.
  6959 | D:7      | Found Wunush's Weapon Shop.
  7289 | D:8      | Reached skill level 8 in Conjurations
  7373 | D:8      | Offered knowledge of Mephitic Cloud by Vehumet.
  7387 | D:8      | Found a staircase to the Lair.
  7744 | D:9      | Reached *** piety under Vehumet
  7988 | D:9      | Noticed Pikel
  8005 | D:9      | Killed Pikel
  8064 | D:9      | Reached skill level 8 in Spellcasting
  8089 | D:9      | Reached skill level 9 in Air Magic
  8128 | D:9      | Noticed Joseph
  8194 | D:9      | HP: 3/69 [Joseph/+1 spectral quarterstaff (9)]
  8195 | D:9      | Mangled by Joseph

Illustrated notes

Levels and vault maps discovered:
D:1:      minmay_arrival_arboretum_large, layout_loops_ring
D:2:      layout_rooms, roderic_roman_lattice, serial_bayou_crossing
D:3:      layout_loops_ring, cheibrodos_sewer_entry_sluice, grunt_ministairs_7
D:4:      layout_loops_ring, minmay_misc_feat_nine_boxes, st_stairs_8,
          minmay_fountain_box, dk_noncrumbling_2, moated_statue
D:5:      layout_rooms
D:6:      layout_basic, minmay_temple_entry_butterflies
D:7:      layout_rooms, gammafunk_temple_overflow_elements, serial_shops,
          kennysheep_mini_moat, enter_bailey_2,
          lightli_ossuary_entry_decrepit_ruins,
          nicolae_shop_sticking_my_neck_out
D:8:      layout_loops_ring, dpeg_oklobed_lair, minmay_mini_ossuary
D:9:      layout_rooms, minmay_misc_feat_roman, uniq_joseph, uniq_pikel
Temple:   hellmonk_temple_of_storms

Skill      XL: |  1  2  3  4  5  6  7  8  9 10 |
---------------+-------------------------------+-----
Evocations     | 1 2 3 4 5 6 |  6.5
Conjurations   | 2 3 4 6 7 8 |  8.5
Spellcasting   | 3 4 5 7 8 |  8.0
Air Magic      | 4 5 6 8 9 |  9.0
Dodging        | |  1.7
Stealth        | |  1.7

Action                     |  1- 3 |  4- 6 |  7- 9 | 10-12 || total
---------------------------+-------+-------+-------+-------++-------
  Melee: Staff             |    98 |   123 |    84 |    35 ||   340
         Tailslap          |    13 |    11 |    13 |     2 ||    39
         Unarmed           |       |     9 |       |       ||     9
         Punch             |       |     2 |       |       ||     2
  Throw: Dart              |       |       |       |     1 ||     1
   Cast: Shock             |    43 |   112 |   137 |    20 ||   312
         Static Discharge  |     2 |    12 |    26 |    57 ||    97
         Airstrike         |       |       |       |     4 ||     4
Ability: Breathe Fire      |       |       |    36 |    11 ||    47
  Evoke: Wand              |       |       |     2 |       ||     2
         Lightning rod     |       |       |     4 |       ||     4
    Use: Potion            |       |     2 |       |       ||     2
         Scroll            |       |       |     5 |     1 ||     6
   Stab: Sleeping          |     1 |     1 |       |       ||     2
 Armour: Skin              |    46 |    91 |    63 |    32 ||   232
  Dodge: Dodged            |    72 |   143 |   138 |    61 ||   414
         Repelled          |       |       |       |     2 ||     2

Table legend: (Time is in decaauts)
 A = Elapsed time spent in this place.
 B = Non-inter-level travel time spent in this place.
 C = Inter-level travel time spent in this place.
 D = Time resting spent in this place.
 E = Time spent auto-exploring this place.
 F = Levels seen in this place.
 G = Mean time per level.
                   A        B        C        D        E       F      G
               +--------+--------+--------+--------+--------+-----+--------+
         Total |   8355 |   8128 |    227 |   1137 |   4309 |  12 |  696.2 |
       Dungeon |   6277 |   6057 |    220 |    623 |   3965 |   9 |  697.4 |
        Temple |     14 |      7 |      7 |      0 |      0 |   1 |   14.0 |
         Sewer |   1047 |   1047 |      0 |    510 |     95 |   1 | 1047.0 |
        Bailey |   1015 |   1015 |      0 |      4 |    248 |   1 | 1015.0 |
               +--------+--------+--------+--------+--------+-----+--------+

Top non-repeatable levels by time:
   Sewer: 1047 daAuts
  Bailey: 1015 daAuts
     D:3: 897 daAuts
     D:7: 854 daAuts
     D:6: 749 daAuts
     D:4: 706 daAuts
     D:1: 686 daAuts
     D:2: 681 daAuts
     D:8: 653 daAuts
     D:5: 617 daAuts
     D:9: 430 daAuts
  Temple: 14 daAuts
